 Dungeon Crawl Stone Soup version 0.28-a0-1629-gf728b707aa (webtiles) character file.

Game seed: 6058812671902920254

11423 Peloso the Carver (level 11, -2/101 HPs)
             Began as a Minotaur Fighter on Jan 24, 2022.
             Was an Elder of Okawaru.
             Slain by a minotaur (22 damage)
             ... in a Gauntlet.
             The game lasted 00:22:30 (9979 turns).

Peloso the Carver (Minotaur Fighter)                Turns: 9979, Time: 00:22:30

Health: -2/101     AC: 17    Str: 34    XL:     11   Next: 49%
Magic:  10/10      EV:  9    Int:  8    God:    Okawaru [****..]
Gold:   548        SH:  6    Dex: 13    Spells: 10/10 levels left

rFire   . . .      SeeInvis .   a - +1 scimitar (flame)
rCold   . . .      Faith    .   c - +0 buckler
rNeg    . . .      Spirit   .   C - +0 plate armour
rPois   +          Reflect  .   V - +0 hat of Benevolence {Will+ Regen+ Str+3}
rElec   .          Harm     .   S - +1 cloak of Eralisuf {Int+3}
rCorr   +          Rampage  .   (no gloves)
Will    +....      NoTele   +   (no boots)
Stlth   ..........              t - amulet "Obax" {Regen+ rCorr Str+3}
HPRegen 1.86/turn               o - ring of poison resistance
MPRegen 0.12/turn               J - +6 ring of strength

@: no status effects
A: horns 2, retaliatory headbutt
a: Renounce Religion, Heroism, Finesse


You were in a Gauntlet.
You worshipped Okawaru.
Okawaru was greatly pleased with you.
You visited 2 branches of the dungeon, and saw 12 of its levels.
You also visited: Sewer and Gauntlet.

You collected 593 gold pieces.
You spent 45 gold pieces at shops.

Inventory:

Hand Weapons
 a - a +1 scimitar of flaming (weapon)
 b - a +2 vorpal long sword
Missiles
 K - 3 throwing nets (quivered)
Armour
 c - a +0 buckler (worn)
 q - a +0 chain mail
 z - a +1 cloak
 C - a +0 plate armour (worn)
 M - a +2 hat of willpower
 S - the +1 cloak of Eralisuf (worn) {Int+3}
   (You found it in a Gauntlet)

   Int:       It affects your intelligence (+3).
 V - the +0 hat of Benevolence (worn) {Will+ Regen+ Str+3}
   (You found it in a Gauntlet)

   Str:       It affects your strength (+3).
   Regen:     It increases your rate of health regeneration.
   Will:      It increases your willpower.
Jewellery
 e - an amulet of faith
 g - an amulet of guardian spirit
 m - a ring of magical power
 o - a ring of poison resistance (left hand)
 t - the amulet "Obax" (around neck) {Regen+ rCorr Str+3}
   (You found it on level 4 of the Dungeon)

   [amulet of regeneration]

   Str:       It affects your strength (+3).
   Regen:     It increases your rate of health regeneration.
   rCorr:     It protects you from acid and corrosion.
 B - a ring of see invisible
 J - a +6 ring of strength (right hand)
 O - a +6 ring of strength
 Q - a ring of protection from cold
 R - a +4 ring of evasion
 T - the ring of the Komtur {rN+ AC+4 Str+3 Slay-6}
   (You found it in a Gauntlet)

   [ring of protection]

   AC:        It affects your AC (+4).
   Str:       It affects your strength (+3).
   Slay:      It affects your accuracy & damage with ranged weapons and melee
   (-6).
   rN:        It protects you from negative energy.
Wands
 x - a wand of paralysis (9)
 D - a wand of flame (31)
 G - a wand of acid (9)
 N - a wand of mindburst (18)
 P - a wand of polymorph (10)
Scrolls
 i - a scroll of silence
 k - 3 scrolls of immolation
 l - 3 scrolls of enchant armour
 p - 5 scrolls of identify
 r - 2 scrolls of magic mapping
 u - 3 scrolls of blinking
 w - 3 scrolls of teleportation
 y - a scroll of acquirement
 A - 3 scrolls of noise {unknown}
 H - a scroll of fog {unknown}
 I - a scroll of amnesia {unknown}
Potions
 d - a potion of flight
 f - a potion of curing
 h - a potion of brilliance {unknown}
 j - 3 potions of heal wounds {unknown}
 n - 2 potions of invisibility {unknown}
 s - a potion of cancellation {unknown}
 v - 2 potions of attraction {unknown}
 E - 2 potions of mutation {unknown}
 F - a potion of ambrosia {unknown}
 L - a potion of lignification {unknown}
 U - a potion of magic {unknown}


   Skills:
 + Level 10.7 Fighting
 + Level 14.7 Long Blades
 + Level 10.7 Armour
 + Level 3.6 Dodging
 + Level 0.5 Stealth
 + Level 7.6 Shields
 + Level 0.9 Invocations


You had 10 spell levels left.
You didn't know any spells.
Your spell library contained the following spells:

 Spells                   Type           Power      Damage    Failure   Level
 Apportation              Tloc           0%         N/A       97%         1
 Dazzling Flash           Conj/Hex       0%         N/A       100%        3
 Agony                    Necr           0%         N/A       100%        5
 Alistair's Intoxication  Tmut/Pois      0%         N/A       100%        5
 Silence                  Hex/Air        0%         N/A       100%        5


Dungeon Overview and Level Annotations

Branches:
Dungeon (11/15)            Temple (1/1) D:6            Lair (0/6) D:11
  Sewer (visited)         Gauntlet (1/1)
    Orc: D:9-12

Altars:
Ashenzari
Cheibriados
Dithmenos
Elyvilon
Fedhas
Gozag
Hepliaklqana
Kikubaaqudgha
Makhleb
Nemelex Xobeh
Okawaru
Qazlal
Ru
Sif Muna
Trog
Uskayaw
Vehumet
Wu Jian
Xom
Yredelemnul
Zin
The Shining One

Shops:
D:4 (???   D:6 (   D:10 (

Annotations:
D:10 4 runed translucent doors Gauntlet 6 transporters, exclusion: oklob plant


Innate Abilities, Weirdness & Mutations

You have a pair of horns on your head.
You reflexively headbutt those who attack you in melee.


Message History

The minotaur gores you but does no damage.
The minotaur blocks your attack.
The minotaur is heavily wounded.
The minotaur closely misses you. You furiously retaliate!
You headbutt the minotaur, but do no damage.
The minotaur gores you.
You hit the minotaur but do no damage.
The minotaur is heavily wounded.
You barely miss the minotaur.
The minotaur furiously retaliates!
The minotaur headbutts you, but does no damage.
Your headbutt misses the minotaur.
The minotaur is heavily wounded.
The minotaur hits you but does no damage.
The minotaur gores you but does no damage.
You barely miss the minotaur. The minotaur blocks your attack.
The minotaur is moderately wounded.
You block the minotaur's attack. The minotaur gores you!
The minotaur blocks your attack.
The minotaur is moderately wounded.
You block the minotaur's attack.
The minotaur gores you but does no damage.
Okay, then.
The minotaur blocks your attack.
The minotaur is moderately wounded.
Unknown command.
You closely miss the minotaur.
The minotaur furiously retaliates!
The minotaur headbutts you!
* * * LOW HITPOINT WARNING * * *
The minotaur blocks your attack.
The minotaur is moderately wounded.
You block the minotaur's attack.
The minotaur gores you but does no damage.
Okay, then.
Unknown command.
Throw: 4 throwing nets
Press: ? - help, Q - select action, (/) - cycle Shift-Dir - straight line, f - minotaur
Aim: a minotaur, wielding a +0 demon trident of venom, wearing +2 gold dragon scales, wearing a +2 tower shield of protection, wearing the ring "Oqavvakk" {Will- rCorr EV+4 Str+4 Dex+3} and quivering javelins (moderately wounded, 70% to hit)
You throw a throwing net. The minotaur blocks the throwing net.
The minotaur hits you with a +0 demon trident of venom!!
You die...

#########.©..©.###########
#####......######
#...............#
#...............#
##.#.#######.#.## #.#....#
...# # #.#.##.#.##.#.
#....H........
#.#.@##'##..#. #.#..# .8#
#....# ..# ###8.# .8# ####
.)# .8# ./#


You could see a minotaur.

Vanquished Creatures
  Gastronok (D:8)
  Harold (D:9)
  Erica (D:8)
  A centaur warrior (D:8)
  Pikel (D:7)
  A moth of wrath (Gauntlet)
  Joseph (D:8)
  A smoke demon (Gauntlet)
  A troll (D:10)
  A red devil (Gauntlet)
  Prince Ribbit (D:7)
  A hornet (D:10)
  Grinder (D:4)
  2 raiju (Gauntlet)
  2 wyverns
  9 yaks
  An acid dragon (D:10)
  A water moccasin (D:6)
  Duvessa (D:7)
  2 black bears (D:5)
  2 orc warriors (D:9)
  2 ice beasts
  3 centaurs
  2 ogres
  4 wolves (Gauntlet)
  3 lemures (D:7)
  2 phantoms (D:5)
  2 kobold brigands
  3 bullfrogs
  A wyvern zombie (D:9)
  2 gnoll sergeants
  4 scorpions
  A water moccasin skeleton (D:5)
  Dowan (D:7)
  A centaur zombie (D:9)
  3 crimson imps (Gauntlet)
  A bullfrog zombie (D:5)
  6 hounds
  2 jellies
  A gnoll shaman (D:6)
  A bullfrog skeleton (D:5)
  A centaur skeleton (D:5)
  7 orc priests
  6 iguanas
  9 orc wizards
  2 lightning spires (Gauntlet)
  A killer bee zombie (D:7)
  A hound zombie (D:5)
  A hound skeleton (D:5)
  9 adders
  15 gnolls
  A shadow imp (D:6)
  2 white imps
  2 ufetubi (D:5)
  An adder skeleton (D:4)
  A worm (D:3)
  2 dart slugs
  47 orcs
  15 endoplasms
  12 giant cockroaches
  6 goblins
  5 hobgoblins
  6 jackals
  9 quokkas
  16 ball pythons
  13 bats
  19 frilled lizards
  13 kobolds
  7 rats
  A spectral kobold (D:2)
308 creatures vanquished.

Notes
Turn   | Place    | Note
-------+----------+-------------------------------------------
     0 | D:1      | Peloso the Minotaur Fighter began the quest for the Orb.
     0 | D:1      | Reached XP level 1. HP: 19/19 MP: 0/0
   214 | D:1      | Reached XP level 2. HP: 27/27 MP: 1/1
   576 | D:1      | Reached XP level 3. HP: 29/33 MP: 2/2
  1057 | D:2      | Reached skill level 3 in Long Blades
  1320 | D:2      | Found a faded altar of an unknown god.
  1366 | D:2      | Reached skill level 1 in Dodging
  2009 | D:3      | Reached XP level 4. HP: 41/41 MP: 3/3
  2023 | D:3      | Found a glowing drain.
  2044 | D:3      | Reached skill level 4 in Long Blades
  2060 | Sewer    | Entered a sewer
  2271 | Sewer    | Reached XP level 5. HP: 46/47 MP: 4/4
  2433 | Sewer    | Reached skill level 5 in Fighting
  2445 | Sewer    | Reached skill level 5 in Long Blades
  2445 | Sewer    | Reached XP level 6. HP: 34/56 MP: 5/5
  3345 | D:3      | Reached skill level 5 in Armour
  3470 | D:4      | Noticed Grinder
  3475 | D:4      | Killed Grinder
  3476 | D:4      | Reached skill level 6 in Long Blades
  3476 | D:4      | Reached XP level 7. HP: 50/61 MP: 6/6
  3905 | D:4      | Found Micin's Antique Weapon Boutique.
  3908 | D:4      | Reached skill level 7 in Long Blades
  3925 | D:4      | Found Sipipor's Magic Scroll Shop.
  3927 | D:4      | Found Huwuocs's Magic Scroll Shoppe.
  3928 | D:4      | Found Vohaqim's Magic Scroll Boutique.
  4002 | D:4      | Bought a scroll of magic mapping for 45 gold pieces
  4027 | D:4      | Found a hazy altar of Hepliaklqana.
  4104 | D:4      | Identified the amulet "Obax" {Regen+ rCorr Str+3}
  4474 | D:5      | Entered Level 5 of the Dungeon
  4661 | D:5      | Reached skill level 8 in Long Blades
  4661 | D:5      | Reached XP level 8. HP: 66/70 MP: 7/7
  4715 | D:5      | Reached skill level 9 in Long Blades
  4743 | D:5      | Identified a scroll of acquirement
  4773 | D:5      | Reached skill level 5 in Shields
  5161 | D:5      | Found an ancient bone altar of Kikubaaqudgha.
  5241 | D:5      | Found an ornate altar of the Wu Jian Council.
  5498 | D:6      | Found a staircase to the Ecumenical Temple.
  5510 | Temple   | Entered the Ecumenical Temple
  5514 | Temple   | Reached XP level 9. HP: 75/78 MP: 8/8
  5652 | D:6      | Reached skill level 10 in Long Blades
  5725 | D:6      | Found Udemohoi's Weapon Emporium.
  6110 | D:6      | Found a shimmering altar of Xom.
  6193 | D:7      | Noticed Duvessa
  6193 | D:7      | Noticed Dowan
  6212 | D:7      | Killed Duvessa
  6220 | D:7      | Killed Dowan
  6240 | D:7      | Noticed Prince Ribbit
  6257 | D:7      | Killed Prince Ribbit
  6302 | D:7      | Noticed Pikel
  6337 | D:7      | Killed Pikel
  6338 | D:7      | Reached skill level 11 in Long Blades
  6460 | D:7      | Found a glowing golden altar of the Shining One.
  6589 | D:7      | Found a stormy altar of Qazlal.
  6616 | D:7      | Found a radiant altar of Vehumet.
  6796 | D:7      | Found a glowing silver altar of Zin.
  6797 | D:7      | Found an opulent altar of Gozag.
  6882 | D:8      | You fall into a shaft and drop 1 floor!
  7072 | D:9      | Found a broken altar of Ashenzari.
  7250 | D:9      | Reached skill level 12 in Long Blades
  7256 | D:9      | Reached XP level 10. HP: 79/88 MP: 9/9
  7340 | D:9      | Found an iron altar of Okawaru.
  7424 | D:9      | Became a worshipper of Warmaster Okawaru
  7479 | D:9      | Noticed Harold
  7489 | D:9      | Killed Harold
  7489 | D:9      | Reached * piety under Okawaru
  7490 | D:9      | Reached skill level 13 in Long Blades
  7983 | D:8      | Noticed Joseph
  7994 | D:8      | Killed Joseph
  8069 | D:8      | Reached ** piety under Okawaru
  8147 | D:8      | Noticed a centaur warrior
  8165 | D:8      | Killed a centaur warrior
  8288 | D:8      | Noticed Gastronok
  8304 | D:8      | Killed Gastronok
  8304 | D:8      | Reached *** piety under Okawaru
  8305 | D:8      | Reached skill level 14 in Long Blades
  8305 | D:8      | Reached XP level 11. HP: 89/99 MP: 8/10
  8507 | D:8      | Noticed Erica
  8522 | D:8      | Killed Erica
  8523 | D:8      | Reached skill level 10 in Fighting
  8523 | D:8      | Reached skill level 10 in Armour
  8950 | D:10     | Entered Level 10 of the Dungeon
  8998 | D:10     | Found a bloodstained altar of Trog.
  9038 | D:10     | Found Maof's Weapon Shoppe.
  9172 | D:10     | Found a huge runed translucent gate.
  9173 | D:10     | Found a huge runed translucent gate.
  9173 | D:10     | Noticed a death yak
  9176 | D:10     | Found a huge runed translucent gate.
  9176 | D:10     | Found a huge runed translucent gate.
  9176 | D:10     | Noticed a death yak
  9268 | D:10     | Identified the +7 whip of Diwnoc {freeze, *Rage Will+
                  | Dex+5}
  9481 | D:11     | Found a gate leading to a gauntlet.
  9488 | Gauntlet | Entered a Gauntlet
  9488 | Gauntlet | Found a transporter.
  9488 | Gauntlet | Found a transporter.
  9507 | Gauntlet | Found a transporter.
  9510 | Gauntlet | Found a transporter.
  9529 | Gauntlet | Found a transporter.
  9532 | Gauntlet | Found a transporter.
  9553 | Gauntlet | Found a transporter.
  9564 | Gauntlet | Noticed a death drake
  9566 | Gauntlet | Found a transporter.
  9581 | Gauntlet | Found a transporter.
  9583 | Gauntlet | Found a transporter.
  9591 | Gauntlet | Found a transporter.
  9594 | Gauntlet | Found a transporter.
  9595 | Gauntlet | Noticed an oklob plant
  9634 | Gauntlet | Reached **** piety under Okawaru
  9694 | Gauntlet | Identified the +1 cloak of Eralisuf {Int+3}
  9777 | Gauntlet | Identified the ring of the Komtur {rN+ AC+4 Str+3 Slay-6}
  9917 | Gauntlet | Identified the +0 hat of Benevolence {Will+ Regen+ Str+3}
  9952 | Gauntlet | Identified the ring "Oqavvakk" {Will- rCorr EV+4 Str+4
                  | Dex+3}
  9952 | Gauntlet | Noticed a minotaur
  9979 | Gauntlet | Slain by a minotaur

Illustrated notes

Levels and vault maps discovered:
D:1:      dpeg_arrival_central, layout_loops_ring, minmay_pentomino_p4
D:2:      layout_loops_ring, dreamdust_ecumenical_altar_drowned_temple
D:3:      layout_basic, portal_sewer_entry_a
D:4:      layout_loops_ring, lemuel_crystal_altar, nicolae_wooded_promenade,
          uniq_grinder
D:5:      wad_crossroads, layout_basic, nicolae_wu_jian_glorious_leap,
          kiku_gazebo_pond_becter, serial_curves, eino_curves_02,
          eino_curves_03, eino_curves_03, minmay_joined_circles
D:6:      layout_rooms, tgw_xom, temple_fountains, kennysheep_small_circle
D:7:      layout_cave_pools, grunt_temple_overflow_gold_and_silver,
          mainiacjoe_overflow_cross_hatched, minitemple, serial_column_ruins,
          column_ruins_circle_medium, column_ruins_grid_1,
          column_ruins_open_small, column_ruins_columns_straight,
          column_ruins_open_small, uniq_pikel, uniq_prince_ribbit1, uniq_duvessa
D:8:      layout_basic, uniq_joseph, uniq_erica, uniq_gastronok
D:9:      layout_stronghold, general_overflow_altar, nicolae_ashenzari_skybound,
          uniq_harold
D:10:     lemuel_bear_cage, layout_rooms, mainiacjoe_overflow_boulevard,
          serial_shops, nicolae_shop_hallway_stairs
D:11:     gammafunk_indiana_jones, layout_loops_corners, david_lair_generic,
          gauntlet_entry_generic, uniq_psyche
Temple:   compressed_dpeg_circular_temple
Gauntlet: minmay_gauntlet_mixed_big_or_small [gammafunk_gauntlet_arena_spirals,
          minmay_gauntlet_arena_77_braids, nicolae_gauntlet_arena_t_cross,
          minmay_gauntlet_arena_77_chump_sandwich,
          gammafunk_gauntlet_arena_split_x, minmay_gauntlet_arena_77_checkered,
          nicolae_gauntlet_exit_dead_adventurers]

Skill      XL: |  1  2  3  4  5  6  7  8  9 10 11 |
---------------+----------------------------------+-----
Fighting       | 4 5 6 8 9 10 | 10.7
Shields        | 4 5 6 7 |  7.6
Long Blades    | 3 4 5 6 8 9 12 14 | 14.7
Dodging        | 1 2 3 |  3.6
Armour         | 4 5 6 7 8 9 10 | 10.7
Stealth        | |  0.5
Invocations    | |  0.9

Action                   |  1- 3 |  4- 6 |  7- 9 | 10-12 || total
-------------------------+-------+-------+-------+-------++-------
Melee: Long sword        |   119 |   153 |   375 |   138 ||   785
       Headbutt          |    12 |    27 |    60 |    48 ||   147
       Scimitar          |       |       |       |    81 ||    81
Throw: Throwing net      |       |       |       |     1 ||     1
Invok: Heroism           |       |       |       |     6 ||     6
  Use: Scroll            |     4 |     1 |     6 |     1 ||    12
       Potion            |     1 |     1 |     1 |     7 ||    10
Armor: Scale mail        |    93 |    75 |     9 |       ||   177
       Chain mail        |       |       |   113 |       ||   113
       Plate armour      |       |       |    51 |   116 ||   167
Dodge: Dodged            |    62 |    84 |   142 |    60 ||   348
Block: Buckler           |    43 |    39 |    85 |    62 ||   229

Table legend: (Time is in decaauts)
 A = Elapsed time spent in this place.
 B = Non-inter-level travel time spent in this place.
 C = Inter-level travel time spent in this place.
 D = Time resting spent in this place.
 E = Time spent auto-exploring this place.
 F = Levels seen in this place.
 G = Mean time per level.
                   A        B        C        D        E       F      G
               +--------+--------+--------+--------+--------+-----+--------+
         Total |  10059 |   9565 |    494 |    126 |   6639 |  14 |  718.5 |
       Dungeon |   8903 |   8409 |    494 |     26 |   6327 |  11 |  809.4 |
        Temple |     82 |     82 |      0 |      0 |      0 |   1 |   82.0 |
         Sewer |    594 |    594 |      0 |      0 |    312 |   1 |  594.0 |
      Gauntlet |    479 |    479 |      0 |    100 |      0 |   1 |  479.0 |
               +--------+--------+--------+--------+--------+-----+--------+

Top non-repeatable levels by time:
     D:9: 1095 daAuts
     D:3: 1088 daAuts
     D:4: 1083 daAuts
     D:1: 1069 daAuts
     D:5: 1040 daAuts
     D:2: 848 daAuts
     D:8: 832 daAuts
     D:7: 702 daAuts
     D:6: 613 daAuts
   Sewer: 594 daAuts
    D:10: 484 daAuts
Gauntlet: 479 daAuts
  Temple: 82 daAuts
    D:11: 44 daAuts
